 Dungeon Crawl Stone Soup version 0.31-a0-486-g8d68a81214 (webtiles) character file.

Game seed: 15632699053269556673

60 LeprechaunX the Ruffian (level 4, -4/29 HPs)
             Began as an Octopode Shapeshifter on Aug 7, 2023.
             Was an Initiate of Ru.
             Slain by a gnoll
             ... wielding a +0 whip
              (9 damage)
             ... on level 2 of the Dungeon.
             The game lasted 00:02:05 (1117 turns).

LeprechaunX the Ruffian (Octopode Shapeshifter)     Turns: 1117, Time: 00:02:06

Health: -4/29      AC:  1    Str: 16    XL:     4   Next: 4%
Magic:  4/4        EV: 13    Int: 10    God:    Ru [......]
Gold:   101        SH:  0    Dex: 12    Spells: 3/3 levels left

rFire   . .          .
                       - Unarmed
rCold   . . .        (no shield)
rNeg    . . .        (helmet currently unavailable)
rPois   .            (no amulet)
rElec   .            (no ring)
rCorr   .            (no ring)
SInv    .            (no ring)
Will    .....        (no ring)
Stlth   ++           (no ring)
HPRegen 0.24/turn    (no ring)
MPRegen 0.09/turn    (no ring)
                     (no ring)

%: no passive effects
@: beast-form
A: beast (slay +2), almost no armour, amphibious, 8 rings, camouflage 1,
gelatinous body 1, (nimble swimmer 1), tentacles
a: Begin Untransformation, Renounce Religion, Sacrifice Artifice, Sacrifice
Experience, Sacrifice Nimbleness, Reject Sacrifices


You were on level 2 of the Dungeon.
You worshipped Ru.
Ru was noncommittal.
You were a hulking beast.
You visited 1 branch of the dungeon, and saw 3 of its levels.

You collected 101 gold pieces.

Inventory:

Missiles
 f - 5 javelins
 h - 3 curare-tipped darts
Talismans
 b - a beast talisman (active)
Scrolls
 c - 2 scrolls of identify {unknown}
 e - a scroll of enchant weapon {unknown}
 i - a scroll of noise {unknown}
 k - a scroll of enchant armour {unknown}
Potions
 a - a potion of lignification
 d - 2 potions of brilliance {unknown}
 g - a potion of haste {unknown}
 j - a potion of heal wounds {unknown}


   Skills:
 + Level 1.8 Fighting
 + Level 2.5 Dodging
 * Level 3.8 Unarmed Combat
 + Level 3.3 Shapeshifting


You had 3 spell levels left.
You didn't know any spells.
Your spell library was empty.

Dungeon Overview and Level Annotations

Branches:
Dungeon (3/15)

Altars:
Fedhas
Ru


Innate Abilities, Weirdness & Mutations

You are a hulking beast.
Your limbs bulge with bestial killing power. (Slay +2)
You cannot wear most types of armour.
You are amphibious.
You can wear up to eight rings at the same time.
Your skin changes colour to match your surroundings (Stealth+).
Your rubbery body absorbs attacks. (AC +1, EV +1)
((You are camouflaged when in or above water. (Stealth+)))
You have tentacles for arms and can constrict up to eight enemies at once.


Message History

An orc is nearby!
An orc is nearby!
An orc priest comes into view.
It is wielding a +0 falchion. 2 gnolls come into view.
A gnoll is wielding a +0 whip.
The orc shouts!
The gnoll shouts!
You hear a shout!
An orc comes into view. It is wielding a +0 war axe.
A gnoll comes into view. It is wielding a +0 club.
An orc comes into view. It is wielding a +0 hand axe.
A gnoll comes into view. It is wielding a +0 flail.
The orc hits you with a +0 dagger.
An orc comes into view. It is wielding a +0 whip.
The orc priest shouts!
The gnoll shouts! x2
You tentacle-slap the orc. Your grab misses the orc.
The orc is almost dead.
You tentacle-slap the orc.
You kill the orc!
Unknown command.
The gnoll attacks as you move away! The gnoll closely misses you.
The gnoll throws a throwing net.
The throwing net misses you.
There is an escape hatch in the ceiling here.
You tentacle-slap the gnoll but do no damage.
You grab the gnoll. You constrict the gnoll. The gnoll misses you.
You release your grip on the gnoll.
The gnoll hits you with a +0 whip! The gnoll misses you.
A mysterious force pulls you upwards. The hatch slams shut behind you.
You tentacle-slap the gnoll. You grab the gnoll. You squeeze the gnoll!
The gnoll is severely wounded.
You constrict the gnoll, but do no damage.
The gnoll completely misses you. The gnoll hits you with a +0 whip.
You tentacle-slap the gnoll. x2
You kill the gnoll!
The gnoll hits you with a +0 whip!
* * * LOW HITPOINT WARNING * * *
You have reached level 4!
You barely miss the gnoll. You grab the gnoll. You constrict the gnoll.
The gnoll misses you.
You tentacle-slap the gnoll. You squeeze the gnoll.
The gnoll is severely wounded.
You constrict the gnoll. The gnoll hits you with a +0 whip!
You die...

#..####.# ##...#............
##....#.####......####.......
####..........#### #.......
####.......# #.......
#.......# #....... #.......#
#..<.... #.....>.# ########
#...)g..# #....h..# #########


You could see a gnoll.

Vanquished Creatures
  A gnoll (D:2)
  An adder (D:2)
  2 dart slugs
  An orc (D:3)
  3 bats
  3 endoplasms
  A giant cockroach (D:1)
  4 goblins
  4 hobgoblins (D:1)
  2 quokkas
  3 ball pythons
  3 frilled lizards (D:1)
  3 kobolds
  3 rats (D:1)
34 creatures vanquished.

Notes
Turn   | Place    | Note
-------+----------+-------------------------------------------
     0 | D:1      | LeprechaunX the Octopode Shapeshifter began the quest for
                  | the Orb.
     0 | D:1      | Reached XP level 1. HP: 13/13 MP: 1/1
    40 | D:1      | Reached XP level 2. HP: 18/18 MP: 2/2
   543 | D:2      | Reached XP level 3. HP: 19/23 MP: 3/3
   551 | D:2      | Found a faded altar of an unknown god.
   622 | D:2      | Prayed at the altar of an unknown god.
   622 | D:2      | Became a worshipper of Ru the Awakened
   801 | D:2      | Found a blossoming altar of Fedhas.
  1116 | D:2      | Reached XP level 4. HP: 5/29 MP: 4/4
  1117 | D:2      | Slain by a gnoll

Illustrated notes

Levels and vault maps discovered:
D:1:      nicolae_arrival_washed_ashore, layout_basic
D:2:      layout_rooms, basic_altar, basic_ecumenical_altar
D:3:      layout_basic, grunt_qazlal_sundering, mainiacjoe_overflow_boulevard,
          uniq_terence, uniq_jessica

Action                     |  1- 3 |  4- 6 || total
---------------------------+-------+-------++-------
  Melee: Unarmed           |    65 |     2 ||    67
         Constrict         |    21 |     1 ||    22
         Tentacles         |     8 |     1 ||     9
         Punch             |     1 |       ||     1
   Stab: Sleeping          |     9 |       ||     9
 Armour: Skin              |     1 |       ||     1
  Dodge: Dodged            |    33 |     1 ||    34

Table legend: (Time is in decaauts)
 A = Elapsed time spent in this place.
 B = Non-inter-level travel time spent in this place.
 C = Inter-level travel time spent in this place.
 D = Time resting spent in this place.
 E = Time spent auto-exploring this place.
 F = Levels seen in this place.
 G = Mean time per level.
                   A        B        C        D        E       F      G
               +--------+--------+--------+--------+--------+-----+--------+
         Total |   1112 |   1030 |     82 |      0 |    791 |   3 |  370.7 |
       Dungeon |   1112 |   1030 |     82 |      0 |    791 |   3 |  370.7 |
               +--------+--------+--------+--------+--------+-----+--------+

Top non-repeatable levels by time:
     D:2: 566 daAuts
     D:1: 525 daAuts
     D:3: 20 daAuts
